 Dungeon Crawl Stone Soup version 0.22-a0-223-g0f5d773 (webtiles) character file.

67 varam the Cudgeler (level 4, -4/28 HPs)
             Began as a Gargoyle Monk on Feb 18, 2018.
             Killed by divine providence
             ... invoked by an orc priest
              (15 damage)
             ... on level 2 of the Dungeon.
             The game lasted 00:03:54 (1557 turns).

varam the Cudgeler (Gargoyle Monk)                  Turns: 1557, Time: 00:03:55

Health: -4/28      AC:  5    Str: 15    XL:     4   Next: 16%
Magic:  4/4        EV: 13    Int: 11    God:
Gold:   103        SH:  0    Dex: 12    Spells: 3/3 levels left

rFire    . . .     SeeInvis .   i - +0 whip (freeze)
rCold    . . .     Gourm    .   (no shield)
rNeg     + . .     Faith    .   b - +0 robe
rPois    ∞         Spirit   .   (no helmet)
rElec    +         Reflect  .   (no cloak)
rCorr    .         Harm     .   (no gloves)
MR       .....                  (no boots)
Stlth    ++........             (no amulet)
HPRegen  0.09/turn              (no ring)
MPRegen  0.09/turn              (no ring)

@: no status effects
A: negative energy resistance 1, electricity resistance, unbreathing,
petrification resistance, rot immunity, AC +3
a: no special abilities


You were on level 2 of the Dungeon.
You were not hungry.

You visited 1 branch of the dungeon, and saw 4 of its levels.

You collected 103 gold pieces.

Inventory:

Hand Weapons
 a - a +0 mace
 i - a +0 whip of freezing (weapon)
Armour
 b - a +0 robe (worn)
Jewellery
 d - a +2 ring of dexterity {unknown}
Scrolls
 e - a scroll of teleportation {unknown}
 f - a scroll of remove curse {unknown}
 h - 2 scrolls of identify {unknown}
 k - a scroll of immolation {unknown}
Potions
 g - a potion of mutation {unknown}
Comestibles
 c - 3 rations
 j - 6 chunks of flesh


   Skills:
 - Level 3.2 Fighting
 + Level 4.0 Maces & Flails
 + Level 3.3 Dodging
 - Level 2.1 Stealth


You had 3 spell levels left.
You didn't know any spells.

Dungeon Overview and Level Annotations

Branches:
Dungeon (4/15)
 Temple: D:4-7

Altars:
Kikubaaqudgha


Innate Abilities, Weirdness & Mutations

You are resistant to torment.
Your stone body is resilient. (AC +3)
You are immune to poison.
You resist negative energy. (rN+)
You are resistant to electric shocks. (rElec)
You can survive without breathing.
You are immune to petrification.
You are immune to rotting.


Message History

You barely miss the adder.
The adder is moderately wounded.
The adder bites you but does no damage.
You hit the adder.
The adder seems to slow down.
You freeze the adder.
The adder is severely wounded.
The orc priest mumbles some strange prayers to Beogh against you.
Beogh smites you! The adder bites you.
You hear a shout!
You barely miss the adder.
The adder is severely wounded.
You hit the adder.
The adder seems to slow down.
You freeze the adder.
The adder is almost dead.
The adder bites you.
You closely miss the adder.
The adder is almost dead.
The adder bites you but does no damage.
The orc priest mumbles some strange prayers to Beogh against you.
Beogh smites you!
Ouch! That really hurt!
You die...

..........# #.#######
###..... ####.###..#
#.......# #.+..... #.# #..#
#######.# #.#..... #.
#..###### #.# #.#.....
#.......# #.# #.'.....
#.......# #.# ###.....
.#....... #.########'###
........######.......##.#
#......ooS@........#.##.#
..>.....##########.#.##.###
##......# #...#.#.##....
#......## #.#.#.#.#####.
#.....S..####.#.#.#.# #.
####..........#.#.#.#####'
#....!.....#.#.#.#.....
o..........#<....'.....
o.......#.#.#.#.....


You could see an orc priest, an adder and an orc.

Vanquished Creatures
  A gnoll (D:1)
  An ooze (D:1)
  3 dart slugs (D:1)
  A leopard gecko (D:1)
  9 bats
  2 giant cockroaches
  3 goblins (D:1)
  8 hobgoblins
  5 kobolds
  A quokka (D:2)
  5 frilled lizards
  4 rats (D:1)
43 creatures vanquished.

Notes
Turn   | Place    | Note
-------+----------+-------------------------------------------
     0 | D:1      | varam the Gargoyle Monk began the quest for the Orb.
     0 | D:1      | Reached XP level 1. HP: 14/14 MP: 1/1
   262 | D:1      | Reached XP level 2. HP: 19/19 MP: 2/2
   539 | D:1      | Reached XP level 3. HP: 21/23 MP: 3/3
   545 | D:1      | Reached skill level 3 in Dodging
  1167 | D:4      | Noticed an ogre
  1410 | D:2      | Found an ancient bone altar of Kikubaaqudgha.
  1418 | D:2      | Reached XP level 4. HP: 25/28 MP: 4/4
  1428 | D:2      | Reached skill level 4 in Maces & Flails
  1557 | D:2      | Killed from afar by an orc priest

Vault maps used:
D:1:      dpeg_arrival_radiant
D:2:      overflow_temple_1_default, first_ration, grunt_ministairs_8,
          uniq_jessica
D:3:      hangedman_glass_garden, minmay_misc_feat_iff, bloody_trog
D:4:      trog_butcher_becter, uniq_eustachio

Skill      XL: |  1  2  3  4 |
---------------+-------------+-----
Dodging        | 3 |  3.3
Maces & Flails | 4 |  4.0
Fighting       | |  3.2
Stealth        | |  2.1

Action                   |  1- 3 |  4- 6 || total
-------------------------+-------+-------++-------
Melee: Mace              |    27 |       ||    27
       Short sword       |    42 |       ||    42
       Whip              |    12 |    29 ||    41
 Stab: Sleeping          |     4 |       ||     4
  Eat: Chunk             |     2 |       ||     2
Armor: Robe              |    14 |     8 ||    22
Dodge: Dodged            |    56 |    24 ||    80

Table legend:
 A = Spawn XP
 B = Non-spawn XP
 C = Spawn XP percentage of total XP
 D = Spawn monster count
 E = Non-spawn monster count
 F = Spawn count percentage of total count
 G = Total turns spent on level
                    A         B        C        D         E        F      G
               +---------+---------+-------+---------+---------+-------+---------
         Total |       0 |      96 |   0.0 |       0 |      43 |   0.0 |  1557
               +---------+---------+-------+---------+---------+-------+---------
           D:1 |       0 |      77 |   0.0 |       0 |      32 |   0.0 |   895
           D:2 |       0 |      18 |   0.0 |       0 |      10 |   0.0 |   400
           D:3 |       0 |       1 |   0.0 |       0 |       1 |   0.0 |   210
               +---------+---------+-------+---------+---------+-------+---------
